 Dungeon Crawl Stone Soup version 0.21-a0-1-gaf3b9a5 (webtiles) character file.

10419 Gorglomux the Grappler (level 11, -7/113 HPs)
             Began as a Troll Wizard on May 20, 2017.
             Was a High Priest of Okawaru.
             Mangled by a cyan ugly thing (15 damage)
             ... on level 10 of the Dungeon.
             The game lasted 00:18:13 (8630 turns).

Gorglomux the Grappler (Troll Wizard)               Turns: 8630, Time: 00:18:14

Health: -7/113     AC:  6    Str: 17    XL:     11   Next: 35%
Magic:  13/13      EV: 12    Int: 14    God:    Okawaru [*****.]
Gold:   374        SH:  0    Dex: 11    Spells: 11/14 levels left

rFire    . . .     SeeInvis .     - Unarmed
rCold    . . .     Gourm    +   (no shield)
rNeg     . . .     Faith    .   a - +0 robe
rPois    +         Spirit   .   b - +0 hat
rElec    .         Reflect  .   F - +0 cloak
rCorr    .         Harm     .   (gloves unavailable)
MR       .....                  (boots unavailable)
Stlth    +.........             (no amulet)
Regen    0.7/turn               E - +2 ring of evasion
MPRegen  0.2/turn               x - ring of poison resistance {rPois, !d}

@: no status effects
A: unfitting armour, claws 3, fast metabolism 3, gourmand, regeneration 1,
shaggy fur 1, tough skin 2
a: Heroism, Finesse, Renounce Religion


You were on level 10 of the Dungeon.
You worshipped Okawaru.
Okawaru was extremely pleased with you.
You were completely stuffed.

You visited 2 branches of the dungeon, and saw 11 of its levels.

You collected 571 gold pieces.
You spent 197 gold pieces at shops.

Inventory:

Missiles
 p - 2 throwing nets {=f, !d}
Armour
 a - a +0 robe (worn)
 b - a +0 hat (worn)
 t - a +0 large shield
   (You found it on level 6 of the Dungeon)
 F - a +0 cloak (worn)
   (You took it off Crazy Yiuf on level 4 of the Dungeon)
Jewellery
 c - an uncursed ring of magical power {MP+9}
   (You found it on level 10 of the Dungeon)
 g - an uncursed ring of protection from magic {MR+, !d}
   (You found it on level 5 of the Dungeon)
 x - a ring of poison resistance (right claw) {rPois, !d}
   (You found it on level 8 of the Dungeon)
 E - a +2 ring of evasion (left claw)
   (You found it on level 4 of the Dungeon)
 H - an uncursed ring of magical power {MP+9}
   (You found it on level 4 of the Dungeon)
Wands
 v - a wand of disintegration (11/24)
   (You found it on level 2 of the Dungeon)
 C - a wand of digging (11/24)
   (You found it on level 3 of the Dungeon)
 O - a wand of clouds (5/9)
   (You found it on level 8 of the Dungeon)
 V - a wand of confusion (34/48)
   (You found it on level 9 of the Dungeon)
 W - a wand of flame (15/48)
   (You found it on level 9 of the Dungeon)
 X - a wand of disintegration (8/24)
   (You took it off Joseph on level 10 of the Dungeon)
Scrolls
 e - 2 scrolls of enchant armour {unknown}
 h - a scroll of fog {unknown}
 i - 2 scrolls of identify
 j - a scroll of random uselessness {unknown}
 k - 5 scrolls of remove curse
 l - a scroll of recharging
 q - 4 scrolls of magic mapping {!r}
 w - 2 scrolls of teleportation
 y - 3 scrolls of fear
 A - 5 scrolls of immolation {!r}
 J - 2 scrolls of blinking {unknown}
 P - a scroll of vulnerability {!r!r}
 S - 2 scrolls of enchant weapon {unknown}
 U - a scroll of amnesia {unknown}
Potions
 m - a potion of flight
 n - a potion of invisibility
 r - 4 potions of curing
 s - 3 potions of mutation {!q}
 u - a potion of brilliance {unknown}
 z - 3 potions of lignification {!q}
 B - a potion of magic
 D - 2 potions of heal wounds
 G - 2 potions of haste
 M - a potion of cancellation
Books
 Z - a book of Battle
   (You found it on level 10 of the Dungeon)
Comestibles
 d - 10 bread rations {@e1}
 f - 2 royal jellies
 o - 7 meat rations {@e2}
 Q - 2 fruits
 Y - 10 chunks of flesh {@w0}


   Skills:
 + Level 8.7 Fighting
 - Level 1.5 Dodging
 - Level 1.0 Stealth
 * Level 14.1 Unarmed Combat
 - Level 2.0 Spellcasting
 - Level 0.6 Conjurations
   Level 0.6 Summonings
 - Level 0.6 Translocations


You had 11 spell levels left.
You knew the following spells:

 Your Spells              Type           Power        Failure   Level  Hunger
a - Magic Dart            Conj           #...         19%         1    ##.....
b - Blink                 Tloc           N/A          28%         2    ###....


Dungeon Overview and Level Annotations

Branches:
Dungeon (10/15)            Temple (1/1) D:7            Lair (0/6) D:10
    Orc (0/2) D:9

Altars:
Ashenzari
Dithmenos
Fedhas
Gozag
Nemelex Xobeh
Okawaru
Sif Muna
Trog
Uskayaw
Xom
Zin
Beogh

Shops:
D:5 ?   D:9 =


Innate Abilities, Weirdness & Mutations

You are too large for most types of armour.
You have claws for hands.
Your metabolism is lightning-fast.
You like to eat raw meat.
Your natural rate of healing is unusually fast.
You are covered in fur. (AC +1)
You have very tough skin. (AC +2)


Message History

You closely miss the orc warrior.
The orc priest hits you with a short sword.
The orc wizard gestures wildly while chanting.
The orc wizard flickers and vanishes!
Deactivating autopickup; reactivate with Ctrl-A.
The orc warrior hits you with a dire flail!
You scratch the orc warrior.
The orc priest calls down the wrath of Beogh upon you.
Beogh smites you!
You are too injured to fight recklessly!
You are too injured to fight recklessly!
You claw the orc warrior!
You kill the orc warrior!
Okawaru accepts your kill. The orc priest barely misses you.
You mangle the orc priest!!
You kill the orc priest!
Okawaru accepts your kill.
You hear some strange, mumbled words.
A magic dart appears from out of thin air!
The magic dart hits you! The orc hits you with a war axe!
You see here a short sword.
You barely miss something. Something hits you but does no damage.
The orc closely misses you.
You barely miss something. Something hits you but does no damage.
You claw something! The orc closely misses you.
Something hits you but does no damage.
You mangle something!! Okawaru accepts your kill.
Reactivating autopickup.
You feel a bit more experienced. The orc closely misses you.
The orc hits you with a war axe.
Things that are here:
a dagger; a robe; an orc corpse You barely miss the orc.
The orc hits you with a war axe.
You closely miss the orc. The orc barely misses you.
You completely miss the orc. You barely miss the orc.
The orc barely misses you.
You mangle the orc!!
You kill the orc!
Okawaru accepts your kill.
Items here: )) [ †† a war axe; a dire flail; a chain mail; an orc corpse x2
You butcher the orc corpse.
Y - 4 chunks of flesh {@w0} (gained 3)
Items here: )) [ † a war axe; a dire flail; a chain mail; an orc corpse
Things that are here:
a dagger; a robe; an orc corpse You butcher the orc corpse.
Y - 6 chunks of flesh {@w0} (gained 2)
Things that are here:
a dagger; a robe You see here a short sword.
There isn't anything to butcher here.
There isn't anything to butcher here.
There isn't anything to butcher here.
There isn't anything to butcher here.
Items here: )) [ † a war axe; a dire flail; a chain mail; an orc corpse You butcher the orc corpse.
Y - 7 chunks of flesh {@w0} (gained 1)
Items here: )) [ ÷ a war axe; a dire flail; a chain mail; an orc skeleton There isn't anything to butcher here.
Things that are here:
a dagger; a robe; an orc corpse You butcher the orc corpse.
Y - 10 chunks of flesh {@w0} (gained 3)
Things that are here:
a dagger; a robe There isn't anything to butcher here.
u - a white potion A cyan ugly thing comes into view.
The cyan ugly thing gurgles horribly!
A cyan ugly thing is nearby!
A cyan ugly thing is nearby!
A cyan ugly thing is nearby!
You are too injured to fight recklessly!
Aim: a cyan ugly thing You throw a large rock {!d=f}.
The large rock {!d=f} hits the cyan ugly thing!
Aim: a cyan ugly thing (lightly wounded)
You throw a large rock {!d=f}.
The large rock {!d=f} hits the cyan ugly thing.
Aim: a cyan ugly thing (moderately wounded)
You throw a large rock {!d=f}.
The large rock {!d=f} barely misses the cyan ugly thing.
The cyan ugly thing misses you. The cyan ugly thing bites you!
The cyan ugly thing shocks you!
You claw the cyan ugly thing! The cyan ugly thing bites you!
* * * LOW HITPOINT WARNING * * *
The cyan ugly thing shocks you!
* * * LOW HITPOINT WARNING * * *
You mangle the cyan ugly thing!!
Unknown command.
You closely miss the cyan ugly thing. The cyan ugly thing bites you!
* * * LOW HITPOINT WARNING * * *
The cyan ugly thing shocks you!
You die...

..... ##..! #(?#
#(# #.# #(# .. #.#
...
#u#########..####
#@#..#(.........##
#.................
#..###.........(.#
#.## #[.........#
###.# #..........#
#...# #..........#
##)).#
#..........#
#))###
#######....## #..#
#######...


You could see a cyan ugly thing.

Vanquished Creatures
  A two-headed ogre (D:9)
  Urug (D:10)
  A wizard (D:9)
  Pikel (D:4)
  5 large abominations (D:9)
  A manticore (D:9)
  Joseph (D:10)
  Psyche (D:8)
  The ghost of Onaxys the Skirmisher, an amateur OgBe of Trog (D:4)
  A troll (D:10)
  Grinder (D:5)
  Sigmund (D:3)
  Eustachio (D:5)
  Grum (D:8)
  Edmund (D:4)
  Menkaure (D:5)
  A water moccasin (D:5)
  4 sky beasts
  5 ice beasts
  7 small abominations (D:9)
  5 orc warriors
  3 ogres
  3 wolves
  3 centaurs (D:6)
  A big kobold (D:9)
  2 bullfrogs
  6 killer bees (D:10)
  3 electric eels (D:10)
  13 hounds
  2 crimson imps
  3 bullfrog skeletons
  Crazy Yiuf (D:4)
  7 orc priests
  2 jellies
  2 iguanas
  Jessica (D:3)
  Natasha (twice) (D:4)
  12 orc wizards
  3 worker ants
  A worker ant zombie (D:7)
  A howler monkey skeleton (D:7)
  12 adders
  A gnoll (D:1)
  An ooze (D:1)
  5 worms
  7 dart slugs
  2 leopard geckos (D:4)
  22 orcs
  5 giant cockroaches
  11 goblins
  5 hobgoblins
  10 jackals
  12 kobolds
  2 quokkas
  4 bats
  2 frilled lizards
  A jackal zombie (D:9)
  A leopard gecko skeleton (D:4)
  6 rats
  A butterfly (D:2)
223 creatures vanquished.

Vanquished Creatures (others)
  A scorpion (D:4)
  A frilled lizard (D:4)
2 creatures vanquished.

Grand Total: 225 creatures vanquished

Notes
Turn   | Place    | Note
-------+----------+-------------------------------------------
     0 | D:1      | Gorglomux the Troll Wizard began the quest for the Orb.
     0 | D:1      | Reached XP level 1. HP: 16/16 MP: 2/2
    98 | D:1      | Reached skill level 1 in Unarmed Combat
   101 | D:1      | Reached XP level 2. HP: 20/26 MP: 2/4
   259 | D:1      | Reached skill level 1 in Fighting
   274 | D:1      | Reached skill level 2 in Unarmed Combat
   519 | D:1      | Reached XP level 3. HP: 33/33 MP: 5/5
   986 | D:2      | Found a shimmering altar of Xom.
  1019 | D:2      | Reached XP level 4. HP: 33/41 MP: 6/6
  1247 | D:2      | Reached skill level 3 in Unarmed Combat
  1899 | D:3      | Reached skill level 2 in Fighting
  2114 | D:3      | Noticed Sigmund
  2136 | D:3      | HP: 10/42 [something (13)]
  2141 | D:3      | HP: 9/42 [something/magic dart (3)]
  2145 | D:3      | HP: 3/42 [something/puff of flame (8)]
  2157 | D:3      | Killed Sigmund
  2157 | D:3      | Reached skill level 4 in Unarmed Combat
  2157 | D:3      | Reached XP level 5. HP: 11/50 MP: 7/7
  2157 | D:3      | Reached XP level 6. HP: 13/59 MP: 8/8
  2255 | D:3      | Noticed Jessica
  2267 | D:3      | Killed Jessica
  2485 | D:4      | Reached skill level 5 in Unarmed Combat
  2490 | D:4      | Reached skill level 3 in Fighting
  2574 | D:4      | Noticed Edmund
  2638 | D:4      | HP: 11/61 [Edmund/dire flail of protection (14)]
  2663 | D:4      | Killed Edmund
  2978 | D:4      | Noticed Natasha
  2983 | D:4      | Noticed Onaxys's ghost (amateur OgBe)
  2987 | D:4      | Killed Natasha
  2987 | D:4      | Reached XP level 7. HP: 37/67 MP: 9/9
  2998 | D:4      | Noticed Natasha
  3009 | D:4      | Killed Onaxys's ghost
  3009 | D:4      | Reached skill level 6 in Unarmed Combat
  3027 | D:4      | Reached skill level 4 in Fighting
  3027 | D:4      | Reached skill level 7 in Unarmed Combat
  3029 | D:4      | Killed Natasha
  3124 | D:4      | Noticed Pikel
  3139 | D:4      | Killed Pikel
  3139 | D:4      | Reached skill level 8 in Unarmed Combat
  3139 | D:4      | Reached XP level 8. HP: 29/79 MP: 10/10
  3349 | D:4      | Found a runed door.
  3523 | D:4      | Noticed Crazy Yiuf
  3531 | D:4      | Killed Crazy Yiuf
  3569 | D:5      | Entered Level 5 of the Dungeon
  3637 | D:5      | Noticed Eustachio
  3639 | D:5      | Noticed Grinder
  3660 | D:5      | Killed Grinder
  3660 | D:5      | Reached skill level 5 in Fighting
  3673 | D:5      | Killed Eustachio
  3673 | D:5      | Reached skill level 9 in Unarmed Combat
  4023 | D:5      | Found Ypikk's Magic Scroll Shoppe.
  4031 | D:5      | Bought a scroll of identify for 22 gold pieces
  4031 | D:5      | Bought a scroll of recharging for 104 gold pieces
  4031 | D:5      | Bought a scroll of immolation for 38 gold pieces
  4031 | D:5      | Bought a scroll of remove curse for 33 gold pieces
  4192 | D:5      | Noticed Menkaure
  4202 | D:5      | Killed Menkaure
  4202 | D:5      | Reached XP level 9. HP: 24/88 MP: 11/11
  4437 | D:6      | Reached skill level 10 in Unarmed Combat
  4698 | D:6      | Reached skill level 6 in Fighting
  4929 | D:7      | Found a staircase to the Ecumenical Temple.
  4938 | Temple   | Entered the Ecumenical Temple
  4956 | Temple   | Became a worshipper of Warmaster Okawaru
  5218 | D:7      | Reached skill level 11 in Unarmed Combat
  5818 | D:8      | Noticed Psyche
  5842 | D:8      | Killed Psyche
  5842 | D:8      | Reached * piety under Okawaru
  6062 | D:8      | Found a sparkling altar of Nemelex Xobeh.
  6095 | D:8      | Noticed Grum
  6106 | D:8      | Reached XP level 10. HP: 78/100 MP: 12/12
  6114 | D:8      | Killed Grum
  6114 | D:8      | Reached skill level 7 in Fighting
  6116 | D:8      | HP: 24/102 [something (4)]
  6119 | D:8      | HP: 11/102 [something (5)]
  6128 | D:8      | HP: 8/102 [wolf[Grum] (9)]
  6133 | D:8      | HP: 6/102 [wolf[Grum] (5)]
  6162 | D:8      | HP: 21/102 [sky beast (4)]
  6357 | D:9      | Found a staircase to the Orcish Mines.
  6360 | D:9      | Found a roughly hewn altar of Beogh.
  6540 | D:9      | Reached skill level 12 in Unarmed Combat
  6682 | D:9      | Found Purod's Jewellery Shop.
  6726 | D:9      | Noticed a wizard
  6732 | D:9      | Killed a wizard
  6732 | D:9      | Reached ** piety under Okawaru
  6747 | D:9      | Noticed a large abomination
  6752 | D:9      | Killed a large abomination
  6759 | D:9      | Reached *** piety under Okawaru
  7086 | D:9      | HP: 21/104 [small abomination (17)]
  7095 | D:9      | HP: 21/104 [small abomination (6)]
  7099 | D:9      | Reached skill level 8 in Fighting
  7244 | D:9      | Noticed a manticore
  7254 | D:9      | Killed a manticore
  7254 | D:9      | Reached skill level 13 in Unarmed Combat
  7402 | D:9      | Noticed a two-headed ogre
  7415 | D:9      | Killed a two-headed ogre
  7415 | D:9      | Reached **** piety under Okawaru
  7415 | D:9      | Reached XP level 11. HP: 96/111 MP: 13/13
  7920 | D:10     | Entered Level 10 of the Dungeon
  7957 | D:10     | Noticed Joseph
  8082 | D:10     | Killed Joseph
  8225 | D:10     | Found a staircase to the Lair.
  8429 | D:10     | Noticed Urug
  8441 | D:10     | Killed Urug
  8441 | D:10     | Reached ***** piety under Okawaru
  8497 | D:10     | Learned a level 2 spell: Blink
  8527 | D:10     | Reached skill level 14 in Unarmed Combat
  8619 | D:10     | Noticed a cyan ugly thing
  8628 | D:10     | HP: 14/113 [cyan ugly thing (16)]
  8630 | D:10     | Mangled by a cyan ugly thing

Vault maps used:
D:1:      dpeg_arrival_simpleton_a, minmay_tall_x
D:2:      xom_butterflies, first_bread, patterned_corridor
D:3:      uniq_jessica, uniq_sigmund
D:4:      uniq_pikel, uniq_edmund, uniq_natasha, uniq_crazy_yiuf_cottage
D:5:      serial_shops, shop_statue, uniq_grinder, uniq_eustachio, uniq_menkaure
D:7:      minmay_temple_entry_statues_fountains, grunt_ogre_cave
D:8:      nemelex_lonely_heart_becter, uniq_grum, uniq_psyche
D:9:      minmay_orc_entry_temple_small, serial_shops, shop,
          kennysheep_another_room, laboratory
D:10:     erik_lair_island, uniq_joseph, uniq_urug
Temple:   nicolae_temple_the_god_donut

Skill      XL: |  1  2  3  4  5  6  7  8  9 10 11 |
---------------+----------------------------------+-----
Unarmed Combat | 1 2 4 5 8 9 11 13 14 | 14.1
Fighting       | 1 2 3 4 5 6 8 |  8.7
Dodging        | |  1.5
Stealth        | |  1.0
Spellcasting   | |  2.0
Conjurations   | |  0.6
Summonings     | |  0.6
Translocations | |  0.6

Action                   |  1- 3 |  4- 6 |  7- 9 | 10-12 || total
-------------------------+-------+-------+-------+-------++-------
Melee: Unarmed           |   118 |   106 |   238 |   272 ||   734
       Punch             |       |     1 |     1 |     9 ||    11
Throw: Large rock        |       |       |     3 |     3 ||     6
 Cast: Magic Dart        |    26 |    24 |    13 |       ||    63
Invok: Heroism           |       |       |       |     3 ||     3
Evoke: Wand              |       |     1 |       |     1 ||     2
  Use: Scroll            |       |     1 |     7 |     6 ||    14
       Potion            |       |       |     2 |       ||     2
 Stab: Sleeping          |     1 |     2 |     3 |       ||     6
       Confused          |       |       |       |     2 ||     2
  Eat: Chunk             |    16 |    18 |    28 |    24 ||    86
Armor: Robe              |    52 |    25 |    81 |    57 ||   215
Dodge: Dodged            |    64 |    45 |   124 |   139 ||   372

Vault maps used:
D:1:      dpeg_arrival_simpleton_a, minmay_tall_x
D:2:      xom_butterflies, first_bread, patterned_corridor
D:3:      uniq_jessica, uniq_sigmund
D:4:      uniq_pikel, uniq_edmund, uniq_natasha, uniq_crazy_yiuf_cottage
D:5:      serial_shops, shop_statue, uniq_grinder, uniq_eustachio, uniq_menkaure
D:7:      minmay_temple_entry_statues_fountains, grunt_ogre_cave
D:8:      nemelex_lonely_heart_becter, uniq_grum, uniq_psyche
D:9:      minmay_orc_entry_temple_small, serial_shops, shop,
          kennysheep_another_room, laboratory
D:10:     erik_lair_island, uniq_joseph, uniq_urug
Temple:   nicolae_temple_the_god_donut

Table legend:
 A = Turns spent in this place as a percentage of turns spent in the entire game.
 B = Non-inter-level travel turns spent in this place as a percentage of non-inter-level travel turns spent in the entire game.
 C = Inter-level travel turns spent in this place as a percentage of turns spent in this place.
 D = Turns resting spent in this place as a percentage of non-inter-level travel turns spent in this place.
 E = Turns spent auto-exploring this place as a percentage of non-inter-level travel turns spent in this place.
 F = Non-inter-level travel turns spent in this place divided by the number of levels of this place that you've seen.
                   A       B       C       D       E      F
               +-------+-------+-------+-------+-------+----------------------
         Total | 100.0 | 100.0 |   0.5 |   2.3 |   9.4 | 257.5
       Dungeon |  99.4 |  99.4 |   0.4 |   2.3 |   9.3 | 281.6
        Temple |   0.6 |   0.6 |   5.6 |   0.0 |  17.6 |  17.0
               +-------+-------+-------+-------+-------+----------------------

Table legend:
 A = Kills in this place as a percentage of kills in entire the game.
 B = Kills by you in this place as a percentage of kills by you in the entire game.
 C = Kills by friends in this place as a percentage of kills by friends in the entire game.
 D = Other kills in this place as a percentage of other kills in the entire game.
 E = Experience gained in this place as a percentage of experience gained in the entire game.
 F = Experience gained in this place divided by the number of levels of this place that you have seen.
                   A       B       C       D       E      F
               +-------+-------+-------+-------+-------+----------------------
         Total | 100.0 | 100.0 |  -nan | 100.0 | 100.0 | 1353.2
       Dungeon | 100.0 | 100.0 |  -nan | 100.0 | 100.0 | 1488.5
               +-------+-------+-------+-------+-------+----------------------
